Map: 16 bits EC

Players

Etherodox - Winner!

  • Race: Zerg Zerg
  • League: Master
  • Spawn Location: 1:00

IA (élite)

  • Race: Protoss Protoss
  • Spawn Location: 7:00

VOD

Have the link to the VOD?

Description

Time

  • Played on: Oct. 18, 2025, 4:55 p.m.
  • Length: 18:55
Show
View Real Time Build Order
Export as new Build Order

Etherodox Zerg - Winner!

Build Orders: Hatch First, Lurkers 

Get SALT Encoding   

  12  0:03  Drone  
  13  0:13  Overlord  
  13  0:17  Drone  
  14  0:34  Drone  
  14  0:35  Drone  
  16  0:50  Hatchery  
  16  0:53  Drone  
  16  0:56  Drone  
  17  1:11  Spawning Pool  
  17  1:12  Extractor  
  15  1:21  Drone x2  
  15  1:24  Drone  
  18  1:42  Drone  
  19  1:58  Zergling x4  
  21  2:01  Queen  
  21  2:02  Queen  
  25  2:13  Metabolic Boost  
  25  2:15  Overlord  
  25  2:35  Hatchery  
  24  2:38  Drone  
  24  2:42  Drone  
  26  2:44  Drone  
  26  2:48  Drone  
  30  2:58  Drone x2  
  30  3:07  Overlord  
  30  3:14  Drone  
  30  3:15  Drone x2  
  33  3:22  Overlord  
  33  3:28  Overlord  
  33  3:32  Drone x3  
  36  3:34  Overlord  
  35  3:44  Zergling x4  
  35  3:47  Queen  
  39  3:51  Zergling x4  
  39  3:52  Zergling x2  
  39  3:54  Zergling x2  
  43  4:05  Lair  
  43  4:15  Drone x7  
  50  4:17  Extractor  
  50  4:18  Drone  
  50  4:19  Extractor  
  49  4:24  Queen  
  49  4:28  Zergling x4  
  49  4:29  Zergling x2  
  54  4:41  Overlord  
  54  4:50  Overlord  
  54  4:51  Extractor  
  52  5:06  Hydralisk Den  
  57  5:14  Evolution Chamber, Drone x6  
  57  5:15  Evolution Chamber, Zergling x12  
  61  5:29  Overlord  
  61  5:47  Grooved Spines  
  61  5:48  Lurker Den  
  61  5:49  Infestation Pit  
  59  5:54  Zerg Missile Weapons Level 1  
  59  5:57  Zerg Ground Armor Level 1  
  59  6:06  Hydralisk x2  
  59  6:08  Drone x10  
  73  6:13  Extractor  
  72  6:18  Drone x2  
  72  6:19  Drone x2  
  72  6:25  Drone  
  77  6:26  Extractor  
  77  6:28  Drone x3  
  77  6:31  Hydralisk  
  81  6:35  Overlord  
  81  6:39  Overlord  
  81  6:50  Overlord  
  81  6:53  Overlord  
  81  6:56  Drone x2  
  81  6:58  Drone  
  81  7:00  Drone x2  
  86  7:02  Drone x4  
  86  7:03  Drone  
  86  7:06  Overlord  
  86  7:08  Overlord  
  91  7:15  Drone x4  
  95  7:20  Hive  
  95  7:21  Hydralisk  
  97  7:24  Hydralisk  
  99  7:30  Lurker x3  
  102  7:37  Overlord x2  
  102  7:39  Hydralisk  
  102  7:40  Hydralisk x2  
  107  7:50  Infestor x2  
  107  7:51  Overlord x3  
  111  8:00  Hydralisk  
  111  8:01  Hydralisk  
  111  8:03  Hydralisk x3  
  111  8:04  Hydralisk  
  123  8:07  Overlord  
  123  8:13  Zerg Missile Weapons Level 2  
  123  8:15  Zerg Ground Armor Level 2  
  123  8:21  Overlord  
  123  8:22  Hydralisk x2  
  127  8:31  Seismic Spines  
  127  8:42  Extractor, Hatchery  
  127  8:48  Hydralisk x3  
  125  8:54  Hydralisk x5  
  125  8:55  Extractor  
  140  9:07  Hydralisk x2  
  140  9:08  Hydralisk x2  
  148  9:14  Lurker  
  149  9:21  Hatchery  
  149  9:23  Drone x6  
  155  9:24  Drone  
  155  9:32  Drone x5  
  155  9:37  Drone  
  155  9:38  Drone x3  
  164  9:44  Lurker x4  
  164  9:45  Lurker  
  169  9:48  Drone x2  
  171  9:58  Drone  
  171  9:59  Drone  
  173  10:03  Hydralisk x4  
  173  10:04  Infestor, Zergling x2  
  157  10:33  Infestor, Hydralisk x8  
  157  10:34  Zergling x6  
  178  10:41  Hydralisk  
  178  10:42  Zergling x4, Hydralisk x2  
  186  10:43  Zergling x4  
  188  10:57  Zerg Missile Weapons Level 3  
  188  11:06  Infestor x2  
  192  11:12  Lurker  
  192  11:17  Extractor  
  192  11:22  Extractor  
  192  11:24  Zerg Ground Armor Level 3  
  191  11:39  Muscular Augments  
  191  11:42  Extractor  
  191  11:43  Queen, Hatchery  
  191  11:45  Queen  
  191  11:46  Extractor  
  192  11:59  Hatchery, Hydralisk  
  192  12:00  Infestor x2, Hydralisk  
  192  12:01  Zergling x2, Hatchery  
  198  12:14  Hatchery  
  182  12:18  Hydralisk x6  
  182  12:19  Hydralisk x8  
  182  12:20  Zergling x4  
  171  12:33  Hydralisk x4  
  171  12:34  Zergling x2  
  171  12:35  Zergling x2  
  181  12:38  Hydralisk  
  181  12:40  Pneumatized Carapace  
  181  12:45  Hydralisk x5  
  163  13:10  Hydralisk x4  
  163  13:11  Hydralisk x7  
  172  13:30  Drone x2, Hydralisk x6  
  166  13:51  Hydralisk x8  
  166  13:54  Lurker  
  166  13:55  Lurker  
  184  13:56  Lurker  
  184  13:57  Lurker  
  186  14:11  Lurker x11  
  197  14:19  Adaptive Talons  
  197  14:22  Overlord x2  
  197  14:34  Zerg Melee Weapons Level 1  
  197  14:39  Ultralisk Cavern  
  180  15:01  Hydralisk x10  
  200  15:41  Chitinous Plating  
  196  16:03  Overseer  
  196  16:04  Overseer x2  
Show
View Real Time Build Order
Export as new Build Order

IA (élite) Protoss 

Build Orders: Zealot Archon, Colossus Rush 

Get SALT Encoding   

  12  0:00  Probe  
  13  0:13  Probe  
  14  0:20  Pylon  
  14  0:25  Probe  
  15  0:34  Probe  
  15  0:42  Probe  
  16  0:49  Assimilator  
  17  0:51  Gateway  
  17  0:52  Probe  
  18  0:59  Pylon  
  18  1:00  Probe  
  18  1:08  Probe  
  20  1:19  Probe  
  21  1:31  Probe  
  22  1:39  Cybernetics Core  
  22  1:41  Zealot  
  22  1:43  Probe  
  25  2:00  Nexus  
  25  2:01  Probe  
  25  2:05  Warp Gate  
  26  2:10  Probe  
  27  2:16  Stalker  
  27  2:20  Probe  
  30  2:32  Pylon, Probe  
  31  2:42  Gateway  
  31  2:45  Assimilator  
  31  2:50  Probe  
  32  2:53  Adept  
  34  3:01  Pylon, Probe  
  35  3:09  Probe  
  35  3:13  Probe  
  35  3:17  Probe  
  37  3:23  Adept  
  40  3:29  Robotics Facility  
  40  3:31  Adept  
  40  3:33  Probe  
  43  3:35  Probe  
  44  3:45  Probe  
  44  3:47  Probe  
  46  3:57  Probe  
  46  3:59  Probe  
  46  4:00  Adept  
  50  4:08  Adept  
  50  4:09  Probe  
  53  4:12  Probe  
  53  4:18  Robotics Bay  
  53  4:19  Adept  
  53  4:21  Probe  
  53  4:23  Pylon, Observer  
  53  4:24  Probe  
  58  4:32  Robotics Facility  
  58  4:33  Probe  
  58  4:36  Probe  
  60  4:39  Pylon, Stalker  
  60  4:43  Stalker  
  64  4:48  Pylon, Probe  
  64  4:50  Probe  
  66  5:04  Colossus  
  66  5:12  Gateway  
  66  5:20  Zealot  
  74  5:22  Pylon  
  74  5:23  Zealot  
  76  5:33  Pylon  
  76  5:41  Zealot  
  78  5:44  Zealot, Probe x2  
  78  5:45  Assimilator  
  78  5:49  Twilight Council  
  82  5:50  Assimilator  
  82  6:01  Stalker  
  84  6:04  Sentry  
  84  6:08  Probe  
  84  6:09  Forge, Nexus  
  84  6:11  Probe  
  87  6:15  Gateway  
  88  6:19  Pylon, Probe  
  88  6:20  Probe  
  90  6:32  Templar Archives  
  90  6:37  Forge  
  90  6:53  Pylon  
  90  6:59  Stalker  
  90  7:00  Photon Cannon  
  92  7:04  Stalker  
  92  7:06  Pylon  
  92  7:08  Stalker  
  96  7:10  High Templar  
  96  7:14  Protoss Ground Weapons Level 1  
  98  7:18  Photon Cannon  
  98  7:19  Probe  
  98  7:20  Photon Cannon  
  98  7:21  Probe  
  98  7:22  Probe, Stalker  
  103  7:25  High Templar  
  103  7:28  Assimilator  
  105  7:31  Probe  
  105  7:32  Sentry  
  105  7:33  Probe  
  105  7:34  Probe  
  110  7:41  Probe  
  110  7:42  Assimilator  
  110  7:43  Archon  
  111  7:45  Probe  
  111  7:46  Pylon  
  111  7:47  High Templar, Probe  
  115  7:53  Probe  
  115  7:58  Pylon  
  116  7:59  Probe  
  116  8:00  High Templar, Probe  
  121  8:05  Probe  
  121  8:11  Probe  
  122  8:13  Probe, Psionic Storm  
  122  8:15  Photon Cannon  
  122  8:16  Archon, Photon Cannon  
  122  8:17  Probe  
  124  8:22  Gateway, Probe  
  124  8:23  High Templar, Probe  
  124  8:24  Photon Cannon  
  128  8:28  Protoss Ground Armor Level 1, Zealot  
  128  8:29  Probe  
  128  8:33  High Templar  
  133  8:39  Warp Prism  
  135  8:47  Warp Prism, High Templar  
  139  8:49  Archon  
  139  8:54  Pylon  
  139  8:57  Nexus, Photon Cannon, High Templar  
  141  9:06  High Templar  
  143  9:13  Colossus  
  143  9:15  Gateway, High Templar  
  145  9:18  Stalker  
  145  9:20  Archon  
  145  9:21  Stalker  
  149  9:26  Pylon  
  149  9:30  Photon Cannon, High Templar  
  149  9:31  Archon  
  151  9:38  Zealot  
  153  9:39  Photon Cannon  
  153  9:40  High Templar  
  155  9:46  Photon Cannon  
  155  9:48  Pylon  
  155  9:49  High Templar  
  155  9:51  Photon Cannon  
  157  9:59  Zealot, High Templar  
  161  10:03  Observer  
  162  10:08  Gateway, Observer  
  162  10:10  Pylon  
  163  10:14  Sentry  
  163  10:16  Zealot  
  163  10:18  Nexus, Zealot, Assimilator, Stalker  
  163  10:20  Pylon  
  171  10:21  Assimilator  
  171  10:30  Zealot  
  171  10:31  Stalker  
  171  10:35  Stalker  
  161  10:36  Stalker  
  161  10:37  Stalker  
  161  10:38  Zealot  
  147  10:50  Zealot, Sentry  
  147  10:51  Stalker  
  147  10:52  Zealot  
  147  10:54  Zealot  
  147  10:56  Disruptor  
  157  10:59  Archon x2, Stalker  
  157  11:01  Zealot  
  165  11:09  Stalker  
  165  11:10  Stalker  
  169  11:11  Zealot  
  169  11:13  High Templar  
  169  11:14  Zealot  
  169  11:17  Disruptor  
  179  11:22  High Templar  
  179  11:23  Disruptor  
  181  11:25  Adept  
  181  11:26  Archon, Zealot  
  181  11:32  High Templar  
  187  11:35  Assimilator  
  187  11:39  High Templar  
  193  11:41  Assimilator  
  193  11:45  Archon  
  193  11:46  High Templar  
  195  11:53  High Templar  
  197  11:59  Archon  
  197  12:00  High Templar  
  199  12:12  Pylon, Zealot  
  199  12:13  Zealot x2, High Templar, Colossus  
  199  12:14  Disruptor  
  189  12:19  Zealot  
  165  12:22  Photon Cannon  
  165  12:25  Zealot  
  173  12:33  Zealot, High Templar  
  173  12:36  Photon Cannon  
  173  12:40  Pylon, Stalker  
  173  12:42  Nexus, Stalker  
  173  12:43  Adept  
  151  12:45  Stalker  
  151  12:48  Stalker  
  151  12:49  Stalker  
  151  12:50  Pylon, Disruptor  
  127  12:52  Assimilator  
  127  12:58  Zealot  
  117  13:03  Sentry  
  117  13:05  High Templar, Stalker  
  117  13:06  Stalker  
  117  13:08  Zealot  
  117  13:10  High Templar  
  109  13:15  Probe  
  109  13:18  Adept  
  107  13:25  Probe  
  107  13:26  Zealot  
  99  13:28  Sentry, High Templar  
  99  13:29  Adept  
  99  13:32  Zealot  
  105  13:38  High Templar  
  95  13:43  Zealot, Probe, Stalker  
  95  13:45  Probe  
  92  13:48  Zealot, Probe, Adept  
  92  13:49  Stalker  
  92  13:55  Nexus, Probe  
  99  13:57  Probe  
  99  13:58  Sentry  
  99  14:00  Stalker  
  99  14:02  Adept  
  107  14:03  Stalker  
  107  14:08  Stalker  
  111  14:11  Stalker  
  111  14:14  Stalker  
  115  14:17  Colossus  
  115  14:19  Stalker  
  115  14:22  Sentry  
  119  14:24  Colossus, Protoss Ground Weapons Level 2  
  125  14:36  Sentry  
  125  14:38  Blink, Adept  
  135  14:40  Adept  
  137  14:56  Zealot  
  137  14:59  Stalker  
  139  15:02  Zealot  
  139  15:03  Pylon  
  139  15:06  Stalker  
  134  15:08  Probe  
  134  15:11  Disruptor  
  134  15:12  Zealot  
  97  15:32  Adept  
  87  15:37  Stalker  
  87  15:39  Sentry, Stalker  
  87  15:40  Zealot, Stalker  
  70  16:02  Zealot  
  58  16:05  Adept  
  60  16:14  Sentry, Stalker  
  64  16:20  Stalker  
  64  16:21  Stalker  
  52  16:37  Zealot, Adept  
  37  16:47  Nexus  
  36  16:57  Nexus  
  34  17:10  Pylon  
  29  17:44  Gateway  
  19  18:00  Nexus  
  16  18:38  Zealot  
Tags
 
League
Master
Matchup
PvZ
Spawn Locations
Cross Positions
Add a new tag
Caveats
  • Supply blocks, unpowered buildings, or Contaminate may cause inaccurate times.
  • Supply counts are checked every 10 seconds.